[Event "44th Chess Olympiad Open 2022"]
[Site "Chennai"]
[Date "2022.08.05"]
[Round "7.23"]
[White "Hesham, Abdelrahman"]
[Black "O`Gorman, Tom"]
[Result "1/2-1/2"]
[ECO "D36"]
[WhiteElo "2386"]
[BlackElo "2401"]
[Annotator "RC"]
[PlyCount "95"]
[EventDate "2022.07.29"]
[EventType "team-tourn"]
[EventCountry "IND"]
[SourceTitle "playchess.com"]
[Source "ChessBase"]
[SourceQuality "1"]
[WhiteTeam "Egypt"]
[BlackTeam "Ireland"]
[WhiteTeamCountry "EGY"]
[BlackTeamCountry "IRL"]
[TimeControl "40/5400+30:1800+30"]

1. d4 Nf6 2. c4 e6 3. Nc3 d5 4. cxd5 exd5 5. Bg5 Be7 6. e3 O-O 7. Bd3 c6 8. Nge2 Nbd7 9. Qc2 Re8 10. h3 Nf8 11. O-O-O Ne4 12. Bxe7 Qxe7 13. Bxe4 dxe4 14. g4 Be6 15. Qxe4 b5 16. d5 cxd5 17. Nxd5 Qc5+ 18. Kb1 Rad8 19. Nec3 a5 20. a3 Bxd5 21. Rxd5 Qc6 22. Qd3 b4 23. axb4 axb4 24. Rxd8 Qxh1+ 25. Nd1 Rxd8 26. Qxd8 Qxh3 27. Qd4 h5 28. gxh5 Qxh5 29. Kc2 Qb5 30. b3 Ne6 31. Qd3 Qc6+ 32. Kd2 g6 33. Nb2 Qf3 34. Ke1 Qh1+ 35. Ke2 Qh5+ 36. Kd2 Qf3 37. Nd1 Qc6 38. Ke2 Qc5 39. Qe4 Kf8 40. Qa8+ Ke7 41. Qe4 Qb5+ 42. Qd3 Qc5 43. f4 Qc1 44. Qe4 Qc5 45. Nf2 Qc3 46. Nd3 Qc2+ 47. Kf3 Qxb3 48. Qxb4+ 1/2-1/2

[Event "44th Chess Olympiad Open 2022"]
[Site "Chennai"]
[Date "2022.08.05"]
[Round "7.23"]
[White "Kanyamarala, Tarun"]
[Black "Wageih, Kareim"]
[Result "1/2-1/2"]
[ECO "D11"]
[WhiteElo "2379"]
[BlackElo "2387"]
[Annotator "TA"]
[PlyCount "106"]
[EventDate "2022.07.29"]
[EventType "team-tourn"]
[EventCountry "IND"]
[SourceTitle "playchess.com"]
[Source "ChessBase"]
[SourceQuality "1"]
[WhiteTeam "Ireland"]
[BlackTeam "Egypt"]
[WhiteTeamCountry "IRL"]
[BlackTeamCountry "EGY"]
[TimeControl "40/5400+30:1800+30"]

1. d4 d5 2. c4 c6 3. Nf3 Nf6 4. g3 Bg4 5. Ne5 Bf5 6. Nc3 {[%emt 0:02:37] D11: Slav Defence: 3 Nf3 sidelines and 3...Nf6 4 e3 Bg4.} e6 7. Qb3 Qb6 8. c5 Qxb3 9. axb3 Nbd7 {[%emt 0:01:23] [#]} 10. Nf3 $146 ({Predecessor:} 10. Nxd7 Kxd7 11. b4 Ne4 12. b5 Nxc3 13. bxc3 cxb5 14. e3 Kc6 15. Ra5 b6 16. cxb6 {0-1 (51) Yang,K (2481)-Begunov,K (2325) Chess.com INT 2022}) 10... a6 11. h3 h6 12. b4 Rc8 13. g4 Bh7 14. Bf4 g5 15. Bh2 Bg7 16. Nd2 Ne4 17. Ndxe4 dxe4 18. e3 O-O 19. Bd6 Rfe8 20. Bg2 f5 21. Bf1 Nf6 22. gxf5 {[%emt 0:01:33] White is more active.} Bxf5 23. Bg2 Nd5 24. Nxe4 Nxb4 25. Ra4 $1 a5 (25... Nd3+ $2 26. Ke2 $18) 26. Rxa5 e5 27. Ng3 Bg6 28. dxe5 Bxe5 29. O-O Rcd8 30. Ra7 {[%emt 0:00:51] [#] Threatens to win with Bxe5.} Rd7 31. Be4 (31. Rfa1 $16) 31... Bxe4 $14 32. Nxe4 Bxb2 33. Rb1 {[%emt 0:00:17] Hoping for f3.} Rxe4 34. Rxb2 Rc4 $1 35. Kg2 {[%emt 0:00:21] Black should prevent Ra4.} Nd3 36. Rbxb7 Rxb7 37. Rxb7 Nxc5 $11 {[%emt 0:00:21][%mdl 4096] Endgame KRB-KRN} 38. Rb8+ {[%emt 0:01:02] The position is equal.} Kf7 39. Rh8 Kg6 40. Bf8 Ne4 41. Rxh6+ Kf7 42. Bd6 Kg7 43. Re6 {[%emt 0:00:14] Be7 is the strong threat.} Kf7 44. Re7+ Kf6 45. Ba3 Ra4 46. Re8 {[%emt 0:06:43] Threatening Bb2+.} Nxf2 {[%emt 0:02:51] [#]} 47. Rc8 $1 {[%emt 0:01:57] And now Bb2+ would win.} Ne4 (47... Rxa3 48. Rxc6+) 48. Rxc6+ Kf5 49. Bb2 Ra2 50. Rb6 Nd2 51. Kg3 Ne4+ 52. Kf3 {[%emt 0:00:21] aiming for Rb5+.} Nd2+ 53. Kg3 Ne4+ {[%emt 0:00:06] Weighted Error Value: White=0.04 (flawless) /Black=0.04 (flawless)} 1/2-1/2

[Event "44th Chess Olympiad Open 2022"]
[Site "Chennai"]
[Date "2022.08.05"]
[Round "7.24"]
[White "Borisek, Jure"]
[Black "Stoyanov, Tsvetan"]
[Result "1/2-1/2"]
[ECO "B22"]
[WhiteElo "2577"]
[BlackElo "2450"]
[Annotator "ChessBase"]
[PlyCount "61"]
[EventDate "2022.07.29"]
[EventType "team-tourn"]
[EventCountry "IND"]
[SourceTitle "playchess.com"]
[Source "ChessBase"]
[SourceQuality "1"]
[WhiteTeam "Slovenia"]
[BlackTeam "Bulgaria"]
[WhiteTeamCountry "SLO"]
[BlackTeamCountry "BUL"]
[TimeControl "40/5400+30:1800+30"]

1. e4 c5 2. Nf3 a6 3. c3 d5 4. exd5 Qxd5 5. d4 Nf6 6. Be2 e6 7. O-O cxd4 8. cxd4 Nc6 9. Nc3 Qd8 10. Be3 Be7 11. Ne5 O-O 12. Rc1 Nb4 13. Bf3 Nbd5 14. Qb3 Nxe3 15. fxe3 Bd6 16. Nd3 Qe7 17. Na4 e5 18. dxe5 Bxe5 19. Nxe5 Qxe5 20. Rc5 Qe7 21. Qc3 Bg4 22. Re5 Be6 23. Qc5 Rfe8 24. Qxe7 Rxe7 25. Nc5 Nd7 26. Bxb7 Nxe5 27. Bxa8 Bxa2 28. Ra1 Bc4 29. Bb7 g6 30. Bxa6 Bxa6 31. Nxa6 1/2-1/2

[Event "44th Chess Olympiad Open 2022"]
[Site "Chennai"]
[Date "2022.08.05"]
[Round "7.24"]
[White "Petkov, Momchil"]
[Black "Subelj, Jan"]
[Result "1/2-1/2"]
[ECO "E05"]
[WhiteElo "2510"]
[BlackElo "2498"]
[Annotator "ChessBase"]
[PlyCount "65"]
[EventDate "2022.07.29"]
[EventType "team-tourn"]
[EventCountry "IND"]
[SourceTitle "playchess.com"]
[Source "ChessBase"]
[SourceQuality "1"]
[WhiteTeam "Bulgaria"]
[BlackTeam "Slovenia"]
[WhiteTeamCountry "BUL"]
[BlackTeamCountry "SLO"]
[TimeControl "40/5400+30:1800+30"]

1. d4 d5 2. c4 e6 3. Nf3 Nf6 4. g3 Be7 5. Bg2 O-O 6. O-O dxc4 7. Qc2 b5 8. a4 Bb7 9. axb5 a6 10. Nc3 axb5 11. Rxa8 Bxa8 12. Nxb5 Bd5 13. Bf4 c5 14. dxc5 Qa5 15. Nc3 Bxc5 16. e4 Ba8 17. e5 Bxf3 18. Bxf3 Nfd7 19. Qe2 Bd4 20. Rd1 Bxe5 21. Qxc4 Bxf4 22. Qxf4 Ne5 23. Bg2 Nbc6 24. Qa4 Qxa4 25. Nxa4 Nb4 26. Rd4 Rb8 27. Nc5 h6 28. f4 Nec6 29. Rd7 Rb5 30. Nd3 Rb8 31. Nc5 Rb5 32. Nd3 Rb8 33. Nc5 1/2-1/2

[Event "44th Chess Olympiad Open 2022"]
[Site "Chennai"]
[Date "2022.08.05"]
[Round "7.24"]
[White "Dobrovoljc, Vid"]
[Black "Tashev, Aleksandar"]
[Result "1-0"]
[ECO "B23"]
[WhiteElo "2398"]
[BlackElo "2262"]
[Annotator "TA"]
[PlyCount "101"]
[EventDate "2022.07.29"]
[EventType "team-tourn"]
[EventCountry "IND"]
[SourceTitle "playchess.com"]
[Source "ChessBase"]
[SourceQuality "1"]
[WhiteTeam "Slovenia"]
[BlackTeam "Bulgaria"]
[WhiteTeamCountry "SLO"]
[BlackTeamCountry "BUL"]
[TimeControl "40/5400+30:1800+30"]

1. e4 c5 2. Nc3 Nc6 3. Bb5 d6 4. Bxc6+ bxc6 5. f4 Nf6 6. Nf3 g6 7. O-O Bg7 8. d3 {[%emt 0:00:36] B23: Closed Sicilian: Lines without g3.} Rb8 9. Qe1 Nd7 10. Rb1 {[%emt 0:16:55] White is slightly better.} O-O 11. Bd2 e6 12. b3 {[%emt 0:02:50] [#]} Qc7 $146 ({Predecessor:} 12... Re8 13. Qg3 Qa5 14. e5 d5 15. a4 Qc7 16. Ne2 Ba6 17. Rfe1 c4 18. dxc4 dxc4 {0-1 (31) Crowther,M-Melgosa,M (2295) Dos Hermanas 2004}) 13. f5 exf5 14. exf5 Nf6 15. fxg6 fxg6 16. Qh4 Bf5 17. Rbe1 Rbe8 18. Ne4 Nxe4 (18... Bxe4 $5 19. dxe4 Qd7 $11) 19. dxe4 Bc8 20. c4 {[%emt 0:11:36] Inhibits d5.} Qe7 (20... Qd7 $11) 21. Bg5 Qe6 22. h3 Rf7 23. Rd1 {[%emt 0:05:08] Black is now going downhill.} Rd7 24. Bf4 Bf6 {[%emt 0:04:16] [#]} (24... Qxe4 $2 25. Rfe1 Rf7 26. Rxe4 $18) 25. Qg3 Red8 (25... Qxe4 $2 26. Rfe1 $18) 26. Rfe1 Qe7 27. Kh2 Bg7 (27... a6 {was worth a try.} 28. Rxd6 Rxd6 29. Bxd6 Qxd6) 28. Bg5 $18 Bf6 29. e5 dxe5 30. Rxd7 Bxd7 31. Rxe5 (31. Nxe5 $6 Bxg5 32. Nxd7 Qxd7 $16) (31. Bxf6 $6 Qxf6 32. Rxe5 (32. Qxe5 Rf8 $16) 32... Bf5 $16) 31... Bxe5 32. Qxe5 ({Worse is} 32. Bxe7 Bxg3+ 33. Kxg3 Re8 34. Bxc5 Re2 $17) (32. Nxe5 $6 Qe8 $16) 32... Qxe5+ (32... Qe8 {might work better.} 33. Bxd8 (33. Qxc5 Rc8 $11) 33... Qxd8) 33. Nxe5 Re8 34. Nxd7 {[%emt 0:00:05][%mdl 4096] Endgame} Re2 35. a4 Kf7 36. Bf4 Ke6 $2 (36... g5) 37. Nxc5+ Kf5 38. Bb8 Re7 39. a5 h5 40. a6 g5 41. Nb7 Re3 42. Na5 c5 43. Bxa7 Re6 44. Bxc5 {[%emt 0:00:19] a7 is the strong threat.} Rxa6 45. b4 h4 46. Bf2 {[%emt 0:02:27] And now c5 would win.} Ke4 47. c5 Kd3 48. c6 {[%emt 0:00:29] White mates.} Ke2 49. c7 Ra8 {[%emt 0:00:03] [#]} 50. Nc6 $1 Rc8 (50... Rf8 51. Nd8) 51. Bb6 {[%emt 0:00:06] Weighted Error Value: White=0.06 (flawless) /Black=0.25 (precise)} 1-0

[Event "44th Chess Olympiad Open 2022"]
[Site "Chennai"]
[Date "2022.08.05"]
[Round "7.24"]
[White "Yordanov, Lachezar"]
[Black "Markoja, Boris"]
[Result "1/2-1/2"]
[ECO "E45"]
[WhiteElo "2316"]
[BlackElo "2452"]
[Annotator "ChessBase"]
[PlyCount "63"]
[EventDate "2022.07.29"]
[EventType "team-tourn"]
[EventCountry "IND"]
[SourceTitle "playchess.com"]
[Source "ChessBase"]
[SourceQuality "1"]
[WhiteTeam "Bulgaria"]
[BlackTeam "Slovenia"]
[WhiteTeamCountry "BUL"]
[BlackTeamCountry "SLO"]
[TimeControl "40/5400+30:1800+30"]

1. d4 Nf6 2. c4 e6 3. Nc3 Bb4 4. e3 b6 5. Nge2 Ba6 6. a3 Be7 7. Ng3 d5 8. cxd5 Bxf1 9. Nxf1 exd5 10. b4 O-O 11. Ng3 c5 12. bxc5 bxc5 13. dxc5 Na6 14. Nf5 Bxc5 15. O-O Re8 16. Qd3 Nc7 17. Bb2 Bf8 18. Rfd1 Rb8 19. Rab1 Qd7 20. Ne2 Ne4 21. Neg3 Nxg3 22. Nxg3 Rb7 23. Ba1 Rxb1 24. Rxb1 Qa4 25. Nf5 Ne6 26. h3 Qc4 27. Rd1 Rc8 28. Be5 Qe4 29. Qxe4 dxe4 30. Bxg7 Nxg7 31. Nh6+ Kh8 32. Nxf7+ 1/2-1/2

[Event "44th Chess Olympiad Open 2022"]
[Site "Chennai"]
[Date "2022.08.05"]
[Round "7.25"]
[White "Morovic Fernandez, Ivan"]
[Black "Miezis Normunds"]
[Result "1-0"]
[ECO "E46"]
[WhiteElo "2489"]
[BlackElo "2446"]
[Annotator "TA"]
[PlyCount "117"]
[EventDate "2022.07.29"]
[EventType "team-tourn"]
[EventCountry "IND"]
[SourceTitle "playchess.com"]
[Source "ChessBase"]
[SourceQuality "1"]
[WhiteTeam "Chile"]
[BlackTeam "Latvia"]
[WhiteTeamCountry "CHI"]
[BlackTeamCountry "LAT"]
[TimeControl "40/5400+30:1800+30"]

1. d4 Nf6 2. c4 e6 3. Nc3 Bb4 4. e3 O-O 5. Bd2 d6 6. Nf3 {[%emt 0:11:42] E46: Nimzo-Indian: Rubinstein: 4 e3 0-0 5 Ne2 without early Bd3.} c5 7. a3 Ba5 8. dxc5 {[%emt 0:03:28] White has an edge.} dxc5 9. Qc2 Nc6 (9... b6 $11 {is more appropriate.}) 10. Bd3 Qe7 11. O-O-O Bxc3 12. Bxc3 (12. bxc3 e5 13. e4 b6 $17) 12... e5 13. Ng5 {[%emt 0:05:08] Against e4} h6 {[%emt 0:00:55] [#]} 14. Nh7 $146 ({Predecessor:} 14. h4 Be6 15. Nxe6 Qxe6 16. g4 Qxg4 17. Rhg1 Qe6 18. f4 Rfd8 19. Rdf1 e4 20. Qg2 {1-0 (30) Martinovic,S (2529)-Durakovic,A (2292) Sarajevo 2016}) 14... Nxh7 15. Bxh7+ {[%emt 0:00:03] This bishop pair is nice.} Kh8 16. Be4 Bd7 17. Rd2 f6 18. Rhd1 Be6 19. Bd5 Rac8 20. Qe4 Rc7 21. Bxe6 Qxe6 22. Rd6 Qe8 23. g4 a6 24. R6d5 Qe7 25. Qf5 {[%emt 0:01:22] Threatens to win with Rd7.} Qe8 26. Qe4 {[%emt 0:01:42] 0x0.001eb8dae1d0dp-1022s more active pieces.} ({Stronger than} 26. Rxc5 Ne7 27. Rxe5 (27. Rxc7 Nxf5 28. gxf5 Rf7 $17) 27... Nxf5 $17) 26... Qe7 $1 27. Qd3 e4 28. Qe2 Rb8 $2 {[%emt 0:00:37] [#] A mistake that costs the game.} (28... Qf7 $16) 29. g5 $1 $18 hxg5 30. h4 gxh4 31. Qg4 {[%emt 0:00:42] And now Rh5+ would win.} Kg8 32. Rd7 (32. Rh5 $142) 32... Rxd7 33. Rxd7 Qf8 34. Qxe4 {[%emt 0:01:03] [#] Hoping for Qd5+.} Nd8 35. Qxh4 $40 {[%emt 0:01:29][%mdl 128] White goes for the king.} b5 (35... Nf7 {is a better defense.} 36. Qg4 Nd6 37. Qe6+ Nf7) 36. Qg3 Nc6 (36... Rc8 37. Qg4 Rc6) 37. Qc7 b4 (37... Ne5 {was worth a try.}) 38. Qxc6 bxc3 {[%emt 0:00:08][%mdl 4096] Endgame KQR-KQR} 39. Qe6+ Kh7 40. Qf5+ Kh8 41. bxc3 Qe8 42. Qg4 Qf8 43. Qh3+ Kg8 44. Qe6+ Kh7 45. Rd5 Rd8 $2 (45... Kg6 46. a4 Re8 47. Qxa6 Qh8) 46. Qe4+ g6 47. Rh5+ Kg8 48. Qxg6+ Qg7 49. Qxg7+ Kxg7 50. Rxc5 {[%emt 0:00:01] Black must now prevent Kc2. KR-KR} Kg6 (50... Kf7 $142 51. Rc7+ Kg6) 51. Kc2 Rd6 52. Rd5 Rc6 53. c5 Rc8 54. Kd3 f5 55. Kd4 {[%emt 0:00:35] Rd6+ is the strong threat.} a5 56. Rd6+ Kg5 57. c6 Kg4 58. Kc5 {[%emt 0:00:20] Threatening mate with Rd4+.} Kf3 59. Rd2 {[%emt 0:01:26] Weighted Error Value: White=0.20 (precise) /Black=0.54} 1-0

[Event "44th Chess Olympiad Open 2022"]
[Site "Chennai"]
[Date "2022.08.05"]
[Round "7.25"]
[White "Kantans, Toms"]
[Black "Henriquez Villagra, Cristobal"]
[Result "1-0"]
[ECO "B31"]
[WhiteElo "2486"]
[BlackElo "2620"]
[Annotator "ChessBase"]
[PlyCount "63"]
[EventDate "2022.07.29"]
[EventType "team-tourn"]
[EventCountry "IND"]
[SourceTitle "playchess.com"]
[Source "ChessBase"]
[SourceQuality "1"]
[WhiteTeam "Latvia"]
[BlackTeam "Chile"]
[WhiteTeamCountry "LAT"]
[BlackTeamCountry "CHI"]
[TimeControl "40/5400+30:1800+30"]

1. e4 c5 2. Nf3 Nc6 3. Bb5 g6 4. c3 Nf6 5. Qa4 Qb6 6. Na3 Qc7 7. O-O Bg7 8. Re1 O-O 9. e5 Nd5 10. Qe4 Nb6 11. d4 cxd4 12. cxd4 d5 13. Qh4 f6 14. e6 Qd6 15. Bf4 Qb4 16. Bd3 Na4 17. Nb5 Nxb2 18. Rab1 Nxd3 19. Rxb4 Nxe1 20. Nxe1 Nxb4 21. Nc7 Rb8 22. Qh3 Rd8 23. Qc3 Nc6 24. h4 Bd7 25. exd7 e5 26. dxe5 fxe5 27. Bg5 Rxd7 28. Nxd5 Kh8 29. Qc4 Rf8 30. Nf3 Nd4 31. Nxd4 exd4 32. Be7 1-0

[Event "44th Chess Olympiad Open 2022"]
[Site "Chennai"]
[Date "2022.08.05"]
[Round "7.25"]
[White "Perez Gormaz, Matias"]
[Black "Ungurs, Edgars"]
[Result "1-0"]
[ECO "B49"]
[WhiteElo "2387"]
[BlackElo "2206"]
[Annotator "ChessBase"]
[PlyCount "71"]
[EventDate "2022.07.29"]
[EventType "team-tourn"]
[EventCountry "IND"]
[SourceTitle "playchess.com"]
[Source "ChessBase"]
[SourceQuality "1"]
[WhiteTeam "Chile"]
[BlackTeam "Latvia"]
[WhiteTeamCountry "CHI"]
[BlackTeamCountry "LAT"]
[TimeControl "40/5400+30:1800+30"]

1. e4 c5 2. Nf3 e6 3. d4 cxd4 4. Nxd4 Nc6 5. Nc3 Qc7 6. Be3 a6 7. Be2 Nf6 8. O-O Bb4 9. Nxc6 bxc6 10. f4 O-O 11. e5 Nd5 12. Nxd5 cxd5 13. c3 Be7 14. Bd4 d6 15. Bd3 f5 16. exd6 Bxd6 17. Qd2 Bc5 18. b4 Bxd4+ 19. cxd4 Qb6 20. Be2 Bd7 21. Rfc1 Bb5 22. Bxb5 axb5 23. Qe3 Rfc8 24. Rc5 Rxc5 25. dxc5 Qc6 26. a3 Rd8 27. Re1 Kf7 28. Qd4 Ra8 29. Re3 Ra7 30. Qe5 Rb7 31. h3 Rd7 32. Rg3 Kf8 33. Qb8+ Kf7 34. Qh8 Kf6 35. Qxh7 Rf7 36. Qh4+ 1-0

[Event "44th Chess Olympiad Open 2022"]
[Site "Chennai"]
[Date "2022.08.05"]
[Round "7.25"]
[White "Reimanis, Ritvars"]
[Black "Lopez Silva, Hugo"]
[Result "0-1"]
[ECO "E75"]
[WhiteElo "2377"]
[BlackElo "2403"]
[Annotator "RC"]
[PlyCount "98"]
[EventDate "2022.07.29"]
[EventType "team-tourn"]
[EventCountry "IND"]
[SourceTitle "playchess.com"]
[Source "ChessBase"]
[SourceQuality "1"]
[WhiteTeam "Latvia"]
[BlackTeam "Chile"]
[WhiteTeamCountry "LAT"]
[BlackTeamCountry "CHI"]
[TimeControl "40/5400+30:1800+30"]

1. d4 Nf6 2. Nf3 g6 3. c4 c5 4. d5 d6 5. Nc3 Bg7 6. e4 O-O 7. Be2 e6 8. O-O exd5 9. exd5 Bg4 10. h3 Bxf3 11. Bxf3 Nbd7 12. Bg5 a6 13. a4 Re8 14. Qd2 Qb6 15. a5 Qc7 16. Ra3 Re7 17. Re1 Ne5 18. Be2 Rae8 19. Rb1 Ned7 20. Bd3 Ne5 21. Bf1 Ned7 22. Bd3 Ne5 23. Bf1 Ned7 24. f3 Re5 25. Bf4 R5e7 26. g4 Ne5 27. Kg2 h5 28. Bg5 hxg4 29. hxg4 Rd7 30. Re1 Nh7 31. f4 Nxg5 32. fxe5 Qd8 33. exd6 Rxe1 34. Qxe1 Rxd6 35. Ne4 Nxe4 36. Qxe4 Bxb2 37. Re3 Qg5 38. Rh3 Kg7 39. Be2 Bd4 40. Rf3 Rd8 41. Rh3 Kf8 42. Qf3 Re8 43. Rh7 Bg7 44. Rh3 Qd2 45. Kf1 Bd4 46. Qd3 Qxa5 47. Rf3 Kg7 48. Bd1 Qe1+ 49. Kg2 Qg1+ 0-1

[Event "44th Chess Olympiad Open 2022"]
[Site "Chennai"]
[Date "2022.08.05"]
[Round "7.26"]
[White "Gretarsson, Hjorvar Steinn"]
[Black "Matamoros Franco, Carlos S."]
[Result "1/2-1/2"]
[ECO "D36"]
[WhiteElo "2563"]
[BlackElo "2459"]
[Annotator "TA"]
[PlyCount "120"]
[EventDate "2022.07.29"]
[EventType "team-tourn"]
[EventCountry "IND"]
[SourceTitle "playchess.com"]
[Source "ChessBase"]
[SourceQuality "1"]
[WhiteTeam "Iceland"]
[BlackTeam "Ecuador"]
[WhiteTeamCountry "ISL"]
[BlackTeamCountry "ECU"]
[TimeControl "40/5400+30:1800+30"]

1. c4 e6 2. Nc3 d5 3. d4 Nf6 4. cxd5 exd5 5. Bg5 c6 6. e3 h6 7. Bh4 Be7 8. Bd3 O-O 9. Qc2 Re8 10. Nge2 Nbd7 11. O-O Nh5 12. Bxe7 {[%emt 0:03:34] D36: Queen's Gambit Declined: Exchange Variation: Main line (5 Bg5 c6 6 Qc2).} Qxe7 13. Rae1 Nf8 14. Nc1 {[%emt 0:09:34] White has an edge.} Nf6 15. Nb3 Ne6 16. f3 a5 17. Na4 Qd8 18. Nbc5 {[%emt 0:05:21] [#]} b6 $146 ({Predecessor:} 18... Nf8 19. Qb3 b5 20. Nc3 Ne6 21. Nxe6 Bxe6 22. Qc2 Qb6 23. Qf2 a4 24. Rc1 b4 {1-0 (79) Nepomniachtchi,I (2751)-Kramnik,V (2811) Zuerich 2017}) 19. Nxe6 Rxe6 20. Re2 Bd7 21. Rd1 c5 22. Nc3 Qe7 23. Qd2 Re8 24. Rde1 cxd4 25. exd4 Qb4 26. Rxe6 Rxe6 27. Rxe6 Bxe6 28. Bf1 Ne8 29. a3 Qd6 30. Nb5 Qd8 31. Qf4 Bd7 32. Nc3 Bc6 33. Bd3 Qg5 34. Qxg5 hxg5 $11 {[%emt 0:00:01][%mdl 4096] Endgame KBN-KBN} 35. Kf2 Kf8 36. Ke3 Ke7 37. f4 gxf4+ 38. Kxf4 Nc7 {[%emt 0:00:15] Against Bb5} 39. h4 Ne6+ 40. Ke3 f6 41. g3 Kd6 42. Bf5 Nc7 43. Ne2 Ke7 44. Nf4 Ne8 45. Bd3 Nc7 46. g4 Bd7 {[%emt 0:11:24] The position is equal.} 47. g5 fxg5 $1 48. hxg5 Kd6 49. Nh5 Ne6 50. g6 {[%emt 0:00:00] [#] Hoping for Bf5.} Be8 51. Bf5 {[%emt 0:00:00] Strongly threatening Bxe6.} Nf8 52. Nf4 Bd7 53. Bc2 Ne6 54. Nd3 Be8 55. Ne5 Ke7 56. Bd3 Kf6 57. Ba6 Nf8 58. Bd3 Ne6 59. Ng4+ Kg5 60. Ne5 Kf6 {[%emt 0:00:08] An interesting draw.  Weighted Error Value: White=0.03 (flawless) /Black=0.03 (flawless)} 1/2-1/2

[Event "44th Chess Olympiad Open 2022"]
[Site "Chennai"]
[Date "2022.08.05"]
[Round "7.26"]
[White "Kjartansson, Gudmundur"]
[Black "Bastidas Rodriguez, Emilio"]
[Result "1-0"]
[ECO "B81"]
[WhiteElo "2448"]
[BlackElo "2351"]
[Annotator "TA"]
[PlyCount "109"]
[EventDate "2022.07.29"]
[EventType "team-tourn"]
[EventCountry "IND"]
[SourceTitle "playchess.com"]
[Source "ChessBase"]
[SourceQuality "1"]
[WhiteTeam "Iceland"]
[BlackTeam "Ecuador"]
[WhiteTeamCountry "ISL"]
[BlackTeamCountry "ECU"]
[TimeControl "40/5400+30:1800+30"]

1. e4 c5 2. Nf3 d6 3. d4 cxd4 4. Nxd4 Nf6 5. Nc3 a6 6. h3 e6 7. g4 b5 8. g5 {[%emt 0:03:22] B81: Sicilian Scheveningen: Keres Attack.} b4 9. gxf6 bxc3 10. fxg7 {[%emt 0:00:31] The position is equal.} Bxg7 11. bxc3 Qc7 12. Bd2 Nd7 13. Rg1 Bf6 14. Qh5 {[%emt 0:13:05] [#]} Qc5 $146 ({Predecessor:} 14... Ke7 15. Bd3 Bb7 16. Ke2 d5 17. exd5 {½-½ (17) Shirov,A (2651)-Korobov,A (2664) Karlsruhe 2018}) 15. Qxc5 Nxc5 16. f3 Bb7 (16... Bd7 $11) 17. Nb3 ({White should try} 17. Rb1 $14) 17... Na4 $1 $11 18. Na5 Bc8 19. Nc4 Nxc3 {[%emt 0:00:00] [#] ( -> ...Bh4+)} 20. Bg5 {[%emt 0:03:39] Prevents Bh4+.} Nxe4 21. Nxd6+ Kf8 22. Bxf6 Nxf6 23. O-O-O Bd7 (23... Ke7 {with more complications.} 24. Rg7 Nd5 25. c4 Kxd6 26. Rxf7 Rb8) 24. Ne4 Nd5 25. c4 Rc8 26. Kb2 Nb6 27. c5 Na4+ 28. Ka3 Bc6 29. Rd6 $36 {[%emt 0:07:01][%mdl 2048] White has some pressure.} ({But not} 29. Bxa6 Ra8 30. Rd6 Rxa6 $17) 29... Bxe4 (29... Ke7 $1 $11 {remains equal.}) 30. Kxa4 $16 {[%emt 0:00:18] Black is now going downhill.} Bxf3 31. Bxa6 Ra8 32. Kb4 {[%emt 0:00:12] Black must now prevent Bb5. White is more active.} Ke7 33. a4 Rhb8+ {[%emt 0:01:22] [#]} (33... Rad8 $16) 34. Bb5 $1 $18 Be2 $2 (34... Rd8 {might work better.}) 35. Rd7+ Kf6 {[%emt 0:00:06][%cal Oa8a4] Strongly threatening ...Rxa4+!} 36. Rb1 Bxb5 (36... Ra6 $142 37. Rb2 (37. Kc3 Rxa4 38. Bxa4 Rxb1 $11) 37... Bh5) 37. axb5 Rxb5+ 38. Kxb5 Rb8+ 39. Ka6 Rxb1 {[%emt 0:00:10][%mdl 4096] Endgame KR-KR} 40. c6 Rc1 41. c7 {[%emt 0:32:02] Kb7 is the strong threat.} e5 42. Kb7 Ke6 (42... Rb1+ $18 43. Kc8 Kg5) 43. c8=Q {[%emt 0:00:00] White mates.} Rxc8 44. Kxc8 {[%emt 0:00:00] KR-K3P} e4 45. Kc7 h5 46. Kc6 f5 47. Rd8 Ke5 48. Kc5 h4 49. Rf8 Kf4 50. Kd4 Kg3 51. Rxf5 Kxh3 52. Rg5 Kh2 53. Kxe4 h3 54. Kf3 Kh1 55. Ra5 {[%emt 0:00:00] Weighted Error Value: White=0.06 (flawless) /Black=0.38} 1-0

[Event "44th Chess Olympiad Open 2022"]
[Site "Chennai"]
[Date "2022.08.05"]
[Round "7.26"]
[White "Mieles Palau, Daniel"]
[Black "Stefansson, Hannes"]
[Result "1/2-1/2"]
[ECO "A28"]
[WhiteElo "2364"]
[BlackElo "2541"]
[Annotator "TA"]
[PlyCount "96"]
[EventDate "2022.07.29"]
[EventType "team-tourn"]
[EventCountry "IND"]
[SourceTitle "playchess.com"]
[Source "ChessBase"]
[SourceQuality "1"]
[WhiteTeam "Ecuador"]
[BlackTeam "Iceland"]
[WhiteTeamCountry "ECU"]
[BlackTeamCountry "ISL"]
[TimeControl "40/5400+30:1800+30"]

1. c4 e5 2. Nc3 Nf6 3. Nf3 Nc6 4. e4 Bb4 5. d3 d6 6. a3 {[%emt 0:01:11] A28: English Opening: Four Knights Variation.} Bc5 7. b4 Bb6 8. Be2 Nd4 9. Nxd4 Bxd4 {[%emt 0:00:31] [#]} 10. Bb2 $146 ({Predecessor:} 10. Qc2) 10... c6 11. O-O O-O 12. Na4 Bxb2 13. Nxb2 d5 (13... Re8 $11) 14. cxd5 cxd5 15. d4 Qe7 16. exd5 e4 17. d6 Qxd6 18. Nc4 Qe7 19. d5 Rd8 20. Ne3 Qe5 {[%emt 0:00:45][%cal Rf6d5] Inhibits Qd4.} 21. Qb3 (21. Ra2 $11) 21... Bd7 22. Rad1 Rac8 23. Nc4 Qg5 24. Na5 Rb8 25. Kh1 Be8 26. f4 $1 Qf5 27. d6 Bd7 28. Qe3 Ba4 {[%emt 0:09:02] [#] Threatens to win with ...Nd5.} 29. Rd2 b6 ({Black should play} 29... Bb5 $11) 30. Nc4 $14 Bb5 (30... Ne8 $1 $14) 31. Ne5 $16 Bxe2 32. Qxe2 Rbc8 33. Qe3 {[%emt 0:01:32] White is much more active.} (33. g4 $16 Qe6 34. g5) 33... Nd7 $1 $36 {[%emt 0:00:36][%mdl 2048] Black is pushing. The position is equal.} 34. Nxd7 Rxd7 35. Rfd1 Qe6 36. Rd5 f5 37. h3 Rcd8 38. Re5 Qf7 39. Qc3 h6 (39... Rxd6 $2 40. Rxd6 Rxd6 41. Qc8+ Qf8 42. Re8 $18) 40. Qc6 Kh7 41. Kh2 Qf6 42. Red5 Kg6 43. R5d4 Qh4 44. g3 Qf6 45. g4 e3 {[%emt 0:04:58] [#] aiming for ...e2.} 46. gxf5+ Qxf5 47. Qe4 Qxe4 48. Rxe4 Rxd6 {[%emt 0:00:59] Weighted Error Value: White=0.07 (flawless) /Black=0.09 (flawless)} 1/2-1/2